 Dungeon Crawl Stone Soup version 0.30.1-3-gfc49f6343a (webtiles) character file.

Game seed: 10758715368566490103

10723 Anandil the Fighter (level 11, -3/92 HPs)
             Began as a Demonspawn Fighter on Aug 1, 2023.
             Was an Initiate of Gozag.
             Slain by a bullfrog (6 damage)
             ... in a bailey.
             The game lasted 00:21:53 (12366 turns).

Anandil the Fighter (Demonspawn Fighter)           Turns: 12366, Time: 00:21:53

Health: -3/92      AC: 17    Str: 27    XL:     11   Next: 39%
Magic:  11/11      EV:  7    Int:  9    God:    Gozag
Gold:   646        SH:  5    Dex: 13    Spells: 10/10 levels left

rFire   . . .        y - +1 trident (freeze)
rCold   + + .        c - +0 buckler
rNeg    + . .        m - +0 plate armour
rPois   .            k - +0 helmet
rElec   .            e - +0 cloak
rCorr   .            (no gloves)
SInv    .            (no boots)
Will    +....        (no amulet) Stlth
                     o - ring of positive energy
HPRegen 0.35/turn    J - ring "Ufokozuu" {Drain rC++ Will+ Str+6 Slay+2}
MPRegen 0.12/turn

%: no passive effects
@: gold aura
A: claws 2, hooves 2, demonic magic 2, weakness stinger 2
a: Renounce Religion, Potion Petition, Call Merchant, Bribe Branch


You were in a bailey.
You worshipped Gozag.
Gozag was pleased with you.
You visited 2 branches of the dungeon, and saw 11 of its levels.
You also visited: Ossuary and Bailey.

You collected 1600 gold pieces.
You spent 895 gold pieces at shops.
You paid 59 gold pieces to Gozag.

Inventory:

Hand Weapons
 a - a +0 trident
 y - a +1 trident of freezing (weapon)
Missiles
 b - 16 poisoned darts
Armour
 c - a +0 buckler (worn)
 e - a +0 cloak (worn)
 k - a +0 helmet (worn)
 m - a +0 plate armour (worn)
 A - a +0 chain mail
Jewellery
 o - a ring of positive energy (left claw)
 J - the ring "Ufokozuu" (right claw) {Drain rC++ Will+ Str+6 Slay+2}
   (You bought it in a shop on level 3 of the Dungeon)

   [ring of strength]

   Str:       It affects your strength (+6).
   Slay:      It affects your accuracy & damage with ranged weapons and melee
   (+2).
   rC:        It greatly protects you from cold.
   Drain:     It drains your maximum health when unequipped.
   Will:      It increases your willpower.
Wands
 p - a wand of digging (1)
 t - a wand of mindburst (7)
 C - a wand of flame (12) (quivered)
 H - a wand of iceblast (10)
 K - a wand of paralysis (8)
Scrolls
 f - 6 scrolls of teleportation
 j - 2 scrolls of blinking
 l - 4 scrolls of silence
 n - 3 scrolls of vulnerability
 q - 2 scrolls of enchant weapon
 r - 2 scrolls of immolation
 x - a scroll of summoning
 B - a scroll of enchant armour {unknown}
 E - a scroll of brand weapon {unknown}
 I - a scroll of torment {unknown}
 L - a scroll of magic mapping {unknown}
Potions
 d - 2 potions of cancellation
 g - 3 potions of attraction
 h - a potion of flight {unknown}
 i - 2 potions of lignification {unknown}
 s - 2 potions of brilliance
 u - 2 potions of mutation {unknown}
 v - 2 potions of degeneration {unknown}
 z - 3 potions of haste {unknown}
 D - a potion of ambrosia {unknown}
 G - 2 potions of magic {unknown}


   Skills:
 + Level 10.8 Fighting
 + Level 9.7 Polearms
 + Level 9.9 Armour
 - Level 4.0 Shields


You had 10 spell levels left.
You didn't know any spells.
Your spell library contained the following spells:

 Spells                   Type           Power      Damage    Failure   Level
 Frozen Ramparts          Ice            0%         1d1       100%        3
 Ozocubu's Armour         Ice            0%         N/A       100%        3
 Ice Form                 Ice/Tmut       0%         N/A       100%        4
 Summon Ice Beast         Ice/Summ       0%         N/A       100%        4
 Metabolic Englaciation   Hex/Ice        0%         N/A       100%        5
 Simulacrum               Ice/Necr       Unusable   N/A       N/A         6

Dungeon Overview and Level Annotations

Branches:
Dungeon (10/15)            Temple (1/1) D:6             Orc (0/2) D:9
Ossuary (visited)          Bailey (1/1)
   Lair: D:8-11

Altars:
Cheibriados
Gozag
Hepliaklqana
Kikubaaqudgha
Ru
Sif Muna
Trog
Xom
Yredelemnul

Shops:
D:3 =   D:5 [


Innate Abilities, Weirdness & Mutations

You have very sharp fingernails.
You have hoof-like feet.
Spells you cast may paralyse nearby enemies.
You have a tail ending in a sharp stinger.


Message History

You are too injured to fight recklessly!
Unknown command.
You are too injured to fight recklessly!
Unknown command.
You are too injured to fight recklessly!
Unknown command.
The bullfrog hits you.
The bullfrog snags a nearby mosquito with its tongue.
The bullfrog hits you but does no damage.
The bullfrog hits you but does no damage.
The bullfrog attacks as you move away! The bullfrog barely misses you.
You puncture the bullfrog! You freeze the bullfrog.
The bullfrog is severely wounded.
You block the bullfrog's attack. The bullfrog hits you.
You closely miss the bullfrog. You kick the bullfrog.
You kill the bullfrog!
The bullfrog hits you but does no damage.
The bullfrog attacks as you move away! The bullfrog hits you.
The bullfrog hits you but does no damage.
The human hits you with a +0 war axe!
* * * LOW HITPOINT WARNING * * *
The human hits you with a +0 war axe!
* * * LOW HITPOINT WARNING * * *
A human comes into view. It is wielding a +0 heavy hand axe.
You block the bullfrog's attack.
You see here 6 gold pieces.
Okay, then.
The bullfrog hits you but does no damage.
The bullfrog completely misses you. You block the bullfrog's attack.
The human hits you with a +0 war axe!
* * * LOW HITPOINT WARNING * * *
The bullfrog hits you.
* * * LOW HITPOINT WARNING * * *
Items here: ))))) [[[[[.
The human attacks as you move away! The human hits you but does no damage.
The bullfrog attacks as you move away!
The bullfrog hits you but does no damage.
The bullfrog hits you.
You die...
Your body crumbles into a pile of gold.

##### ##...##
#.....#
#.∩.∩.#
######.....#
##....##...##
##.$...p#@#+#
#..$.#FpF)#
#.F####pF.#
#...F.#...#
#..pF.#...#
###'###..##
F. #..'
.F≈####. ~.≈#
#


You could see 2 humans and 3 bullfrogs.

Vanquished Creatures
  3 two-headed ogres
  Maurice (D:8)
  Maggie (D:8)
  5 trolls
  2 wyverns
  A human (Bailey)
  A basilisk (D:9)
  18 yaks
  A steam dragon (D:8)
  Edmund (D:6)
  2 water moccasins
  3 orc warriors
  A sky beast (D:7)
  2 ice beasts
  A centaur (D:9)
  An ogre (D:4)
  2 phantoms (D:6)
  A kobold brigand (D:8)
  5 bullfrogs
  4 scorpions
  11 wights
  9 killer bees
  4 howler monkeys
  3 centaur zombies (Ossuary)
  A human zombie (Ossuary)
  2 jellies
  A hound (D:5)
  4 orc priests
  A sleepcap (D:6)
  Jessica (D:3)
  2 gnoll boudas (D:6)
  Terence (D:2)
  3 iguanas
  6 orc wizards
  2 mummies (Ossuary)
  12 gnolls
  4 adders
  2 shadow imps
  A white imp (D:7)
  2 ufetubi
  3 adder zombies (Ossuary)
  3 worms
  5 dart slugs
  33 orcs
  11 ball pythons
  5 endoplasms
  5 giant cockroaches
  13 goblins
  13 hobgoblins
  2 quokkas
  6 bats
  6 frilled lizards
  A goblin zombie (Ossuary)
  12 hobgoblin zombies (Ossuary)
  3 jackal zombies (Ossuary)
  15 kobolds
  6 kobold zombies (Ossuary)
  8 orc zombies (Ossuary)
  5 rats
  A spectral orc (D:5)
284 creatures vanquished.

Notes
Turn   | Place    | Note
-------+----------+-------------------------------------------
     0 | D:1      | Anandil the Demonspawn Fighter began the quest for the Orb.
     0 | D:1      | Reached XP level 1. HP: 18/18 MP: 1/1
    98 | D:1      | Discovered your monstrous ancestry.
    98 | D:1      | Gained mutation: You have sharp fingernails. [demonic
                  | ancestry]
    98 | D:1      | Reached XP level 2. HP: 12/24 MP: 2/2
   583 | D:1      | Gained mutation: You have large cloven feet. [demonic
                  | ancestry]
   583 | D:1      | Reached XP level 3. HP: 29/29 MP: 3/3
   909 | D:2      | Noticed Terence
   936 | D:2      | Killed Terence
   937 | D:2      | Reached XP level 4. HP: 10/36 MP: 4/4
  1892 | D:3      | Noticed Jessica
  1900 | D:3      | Killed Jessica
  2008 | D:3      | Gained mutation: You have a small tail. [demonic ancestry]
  2008 | D:3      | Reached XP level 5. HP: 23/42 MP: 5/5
  2257 | D:3      | Found Matsef's Jewellery Emporium.
  2790 | D:4      | Reached skill level 4 in Fighting
  2833 | D:4      | Noticed an ogre
  2835 | D:4      | Killed an ogre
  3084 | D:3      | Gained mutation: You have a tail ending in a sharp stinger.
                  | [demonic ancestry]
  3084 | D:3      | Reached XP level 6. HP: 21/48 MP: 6/6
  3568 | D:4      | Found a shimmering blue altar of Sif Muna.
  3720 | D:5      | Entered Level 5 of the Dungeon
  3722 | D:5      | Identified the +1 whip of Royalism {speed, rElec rF++ rC+
                  | rCorr}
  3812 | D:5      | Found Dinetunt's Armour Shop.
  3840 | D:5      | Gained mutation: Spells you cast may paralyse adjacent
                  | enemies. [demonic ancestry]
  3840 | D:5      | Reached XP level 7. HP: 45/55 MP: 7/7
  3919 | D:5      | Found a basalt altar of Yredelemnul.
  4071 | D:5      | Found a snail-covered altar of Cheibriados.
  4159 | D:5      | Reached skill level 5 in Fighting
  4250 | D:5      | Noticed a wyvern
  4263 | D:5      | Killed a wyvern
  4548 | D:5      | Found a sacrificial altar of Ru.
  4871 | D:6      | Noticed Edmund
  4890 | D:6      | Killed Edmund
  4891 | D:6      | Reached skill level 5 in Armour
  5099 | D:6      | Reached XP level 8. HP: 58/64 MP: 8/8
  5132 | D:5      | Reached skill level 6 in Fighting
  5132 | D:5      | Reached skill level 5 in Polearms
  5531 | D:6      | Noticed a troll
  5542 | D:6      | Killed a troll
  5938 | D:6      | Reached skill level 7 in Fighting
  6175 | D:6      | Found a staircase to the Ecumenical Temple.
  6177 | D:6      | Noticed a troll
  6179 | Temple   | Entered the Ecumenical Temple
  6211 | Temple   | Became a worshipper of Gozag Ym Sagoz the Greedy
  6305 | D:6      | Killed a troll
  6306 | D:6      | Gained mutation: You have very sharp fingernails. [demonic
                  | ancestry]
  6306 | D:6      | Reached XP level 9. HP: 39/72 MP: 9/9
  6789 | D:7      | Noticed a two-headed ogre
  6809 | D:7      | Killed a two-headed ogre
  6810 | D:7      | Reached skill level 8 in Fighting
  7002 | D:7      | Noticed a two-headed ogre
  8178 | D:8      | Gained mutation: You have hoof-like feet. [demonic
                  | ancestry]
  8178 | D:8      | Reached XP level 10. HP: 30/82 MP: 10/10
  8244 | D:8      | Noticed Maurice
  8257 | D:8      | Killed Maurice
  8264 | D:8      | Found a sand-covered staircase.
  8275 | Ossuary  | Entered an ossuary
  8771 | Ossuary  | Reached skill level 9 in Fighting
  9493 | D:8      | Noticed Maggie
  9871 | D:8      | Killed Maggie
 10368 | D:3      | Bought the ring "Ufokozuu" {Drain rC++ Will+ Str+6 Slay+2}
                  | for 895 gold pieces
 10739 | D:7      | Killed a two-headed ogre
 10919 | D:7      | Reached skill level 10 in Fighting
 11191 | D:9      | Noticed a two-headed ogre
 11196 | D:9      | Killed a two-headed ogre
 11197 | D:9      | Gained mutation: Spells you cast may paralyse nearby
                  | enemies. [demonic ancestry]
 11197 | D:9      | Reached XP level 11. HP: 91/91 MP: 11/11
 11310 | D:9      | Found an ancient bone altar of Kikubaaqudgha.
 11332 | D:9      | Found a staircase to the Orcish Mines.
 11477 | D:9      | HP: 4/92 [troll (10)]
 11873 | D:9      | Found a hazy altar of Hepliaklqana.
 11877 | D:9      | Identified the +10 whip "Soafyreg" {flame, MP+9}
 11893 | D:9      | Found a shimmering altar of Xom.
 12253 | D:10     | Entered Level 10 of the Dungeon
 12276 | D:10     | Found a flagged portal.
 12307 | Bailey   | Entered a bailey
 12365 | Bailey   | HP: 3/92 [bullfrog (3)]
 12366 | Bailey   | Slain by a bullfrog

Illustrated notes

Levels and vault maps discovered:
D:1:      ebering_trefoil_twist, layout_loops_ring, minmay_door_square
D:2:      layout_rooms, minivault_24, st_stairs_14, minmay_hedge_maze,
          item_on_display_a, uniq_terence
D:3:      layout_basic, serial_shops, nicolae_lakefront_shop, uniq_jessica
D:4:      layout_cave_pools, lemuel_blue_sif_altar
D:5:      layout_rooms, yredelemnul_forgotten_temple_becter,
          mainiacjoe_overflow_brackets, mainiacjoe_overflow_cross_hatched,
          serial_shops, nicolae_take_the_stairs
D:6:      nicolae_cairo_tiling_very_big, layout_basic, grunt_ministairs_1,
          chequers_mini_garden, minmay_small_thing, uniq_edmund
D:7:      layout_basic
D:8:      layout_cave_pools, lightli_ossuary_entry_decrepit_ruins, uniq_maggie,
          uniq_maurice
D:9:      layout_roguey, kiku_gazebo_garden_becter, xom_butterflies,
          lemuel_crystal_altar, minmay_orc_entry_temple_small
D:10:     layout_basic, enter_bailey_5, minmay_misc_feat_doors
Temple:   regret_index_temple_generic_petals
Bailey:   bailey_axe_froggy_fort_hellmonk, bailey

Skill      XL: |  1  2  3  4  5  6  7  8  9 10 |
---------------+-------------------------------+-----
Polearms       | 2 3 4 6 7 9 |  9.7
Shields        | 3 4 |  4.0
Armour         | 3 4 5 6 7 9 |  9.9
Fighting       | 4 5 7 8 10 | 10.8

Action                     |  1- 3 |  4- 6 |  7- 9 | 10-12 || total
---------------------------+-------+-------+-------+-------++-------
  Melee: Trident           |   114 |   169 |   300 |   403 ||   986
         Kick              |    11 |    43 |    86 |   138 ||   278
         Tailslap          |       |    16 |    55 |    65 ||   136
  Evoke: Wand              |       |     2 |    13 |    26 ||    41
    Use: Potion            |     1 |       |     7 |    10 ||    18
         Scroll            |       |     4 |     1 |     5 ||    10
   Stab: Paralysed         |       |       |     8 |       ||     8
         Distracted        |       |       |       |     2 ||     2
 Armour: Scale mail        |    54 |    98 |     8 |       ||   160
         Chain mail        |       |       |    65 |       ||    65
         Plate armour      |       |       |   118 |   268 ||   386
  Dodge: Dodged            |    40 |    85 |    88 |   130 ||   343
  Block: Buckler           |    26 |    37 |    85 |    93 ||   241
